 Dungeon Crawl Stone Soup version 0.26-a0-712-ga5a9c9c9d0 (webtiles) character file.

Game seed: 7632434376295720241

273603 Arcades the Shatterer (level 19, -1/183 HPs)
             Began as a Minotaur Berserker on Nov 10, 2020.
             Was a High Priest of Trog.
             Slain by an acid blob (30 damage)
             ... created by the Royal Jelly
             ... on level 4 of the Pits of Slime.
             The game lasted 04:55:37 (52740 turns).

Arcades the Shatterer (Minotaur Berserker)         Turns: 52740, Time: 04:55:38

Health: -1/183     AC: 31    Str: 46      XL:     19   Next: 51%
Magic:  0/16       EV: 18    Int:  5 (6)  God:    Trog [*****.]
Gold:   1119       SH: 18    Dex: 11 (12) Spells: 18/18 levels left

rFire    + . .     SeeInvis +   V - +7 morningstar of Untimely Demise {protect, rN+ Str+4 Int+4 Dex-3}
rCold    . . .     Faith    .   P - +2 kite shield "Idarph" {Harm Str+3 Dex+2}
rNeg     + + +     Spirit   +   F - +6 plate armour of the Komodo Dragon {Str+4 SInv}
rPois    +         Reflect  .   (helmet restricted)
rElec    .         Harm     +   B - +2 cloak
rCorr    .         Rampage  .   E - +2 pair of gloves {Str+3}
MR       ++...                  d - +1 pair of boots
Stlth    ..........             o - amulet "Laicvone" {Spirit rN+}
HPRegen  0.40/turn              C - ring of Hely Ydy {rPois rN+ Str+3 Stlth+}
MPRegen  0.15/turn              X - +6 ring of dexterity

@: corroded, studying 2 skills
A: retaliatory headbutt, horns 2, clumsy 1, deterioration 1, dopey 1, fire
resistance 1, low mp 1, magic resistance 1, mutation resistance 1, weak 1
}: 2/15 runes: decaying, gossamer
a: Berserk, Trog's Hand, Brothers in Arms, Renounce Religion


You were on level 4 of the Pits of Slime.
You worshipped Trog.
Trog was extremely pleased with you.
You visited 7 branches of the dungeon, and saw 37 of its levels.
You also visited: Ice Cave.

You collected 3030 gold pieces.
You spent 1911 gold pieces at shops.

Inventory:

Hand Weapons
 h - a +1 antimagic dire flail
 j - a +5 demon whip of flaming
 p - the +3 whip of Geunimm {distort, rN++ Str+5}
   (You found it on level 4 of the Dungeon)

   It warps and distorts space around it.
   Unwielding it can cause banishment or high damage.
   It affects your strength (+5).
   It greatly protects you from negative energy.
 Q - the +6 battleaxe "Neadek" {vamp, rElec MR+}
   (You found it on level 1 of the Lair of Beasts)

   It inflicts no extra harm, but heals its wielder when it wounds a living foe.
   It insulates you from electricity.
   It affects your resistance to hostile enchantments.
 V - the +7 morningstar of Untimely Demise (weapon) {protect, rN+ Str+4 Int+4 Dex-3}
   (You found it on level 3 of the Lair of Beasts)

   It grants its wielder temporary protection when it strikes (+7 to AC).
   It affects your strength (+4).
   It affects your intelligence (+4).
   It affects your dexterity (-3).
   It protects you from negative energy.
Missiles
 a - 67 poisoned darts (quivered)
Armour
 d - a +1 pair of boots (worn)
 B - a +2 cloak (worn)
 E - a +2 pair of gloves of strength (worn)
 F - the +6 plate armour of the Komodo Dragon (worn) {Str+4 SInv}
   (You bought it in a shop on level 9 of the Dungeon)

   It affects your strength (+4).
   It lets you see invisible.
 P - the +2 kite shield "Idarph" (worn) {Harm Str+3 Dex+2}
   (You found it on level 1 of the Lair of Beasts)

   It affects your strength (+3).
   It affects your dexterity (+2).
   It increases damage dealt and taken.
Jewellery
 o - the amulet "Laicvone" (around neck) {Spirit rN+}
   (You acquired it on level 4 of the Swamp)

   [amulet of guardian spirit]

   It causes incoming damage to be split between your health and magic.
   It protects you from negative energy.
 C - the ring of Hely Ydy (left hand) {rPois rN+ Str+3 Stlth+}
   (You bought it in a shop on level 2 of the Orcish Mines)

   [ring of poison resistance]

   It affects your strength (+3).
   It protects you from poison.
   It protects you from negative energy.
   It makes you more stealthy.
 X - a +6 ring of dexterity (right hand)
Wands
 k - a wand of flame (28)
 t - a wand of paralysis (28)
 x - a wand of polymorph (11)
 y - a wand of digging (7)
 O - a wand of enslavement (39)
 T - a wand of random effects (14)
Scrolls
 b - 15 scrolls of remove curse
 c - 20 scrolls of teleportation
 f - a scroll of silence {unknown}
 n - 6 scrolls of fog
 q - 2 scrolls of magic mapping
 u - 12 scrolls of enchant weapon
 H - 4 scrolls of fear
 U - a scroll of holy word
Potions
 e - 4 potions of lignification
 l - 4 potions of curing
 m - 10 potions of ambrosia
 v - 7 potions of haste
 I - 3 potions of flight
 N - 2 potions of mutation
 S - a potion of stabbing
Books
 g - a manual of Fighting
 r - a manual of Maces & Flails
Miscellaneous
 i - a tin of tremorstones (1/3)
 w - a box of beasts (3/3)
 Z - a phantom mirror (inert)


   Skills:
 + Level 19.6 Fighting
 - Level 7.9(15.9) Axes
 * Level 21.0(21.4) Maces & Flails
 + Level 18.8 Armour
 + Level 17.4 Dodging
 - Level 15.0 Shields


You had 18 spell levels left.
You didn't know any spells.
Your spell library contained the following spells:

 Spells                   Type           Power        Failure   Level
 Animate Skeleton         Necr           #.....       82%         1
 Apportation              Tloc           #.....       82%         1
 Corona                   Hex            #......      82%         1
 Magic Dart               Conj           #...         82%         1
 Shock                    Conj/Air       #...         82%         1
 Sting                    Tmut/Pois      #...         82%         1
 Summon Small Mammal      Summ           #...         82%         1
 Blink                    Tloc           N/A          91%         2
 Call Imp                 Summ           #.......     91%         2
 Poisonous Vapours        Pois/Air       #.....       91%         2
 Slow                     Hex            #.......     91%         2
 Swiftness                Air            #.......     91%         2
 Confusing Touch          Hex            #.......     99%         3
 Conjure Flame            Conj/Fire      #.......     99%         3
 Gell's Gravitas          Tloc           #.........   99%         3
 Lesser Beckoning         Tloc           #.........   99%         3
 Mephitic Cloud           Conj/Pois/Air  #.......     99%         3
 Portal Projectile        Hex/Tloc       #.....       99%         3
 Static Discharge         Conj/Air       #.......     99%         3
 Teleport Other           Tloc           #.......     99%         3
 Tukima's Dance           Hex            #.......     99%         3
 Airstrike                Air            #.........   100%        4
 Passage of Golubria      Tloc           N/A          100%        4
 Petrify                  Tmut/Erth      #.......     100%        4
 Alistair's Intoxication  Tmut/Pois      #........    100%        5
 Irradiate                Conj/Tmut      #.........   100%        5
 Lightning Bolt           Conj/Air       #.........   100%        5
 Metabolic Englaciation   Hex/Ice        #.........   100%        5
 Yara's Violent Unravell  Hex/Tmut       #.........   100%        5
 Hydra Form               Tmut           #.........   100%        6
 Invisibility             Hex            #.......     100%        6
 Statue Form              Tmut/Erth      #........    100%        6
 Dragon Form              Tmut           #.........   100%        7


Dungeon Overview and Level Annotations

Branches:
Dungeon (15/15)            Temple (0/1) D:4            Lair (6/6) D:8
  Swamp (4/4) Lair:3       Spider (4/4) Lair:3        Slime (5/5) Lair:6
    Orc (2/2) D:9             Elf (1/3) Orc:2        Vaults (0/5) D:13
 Depths (0/5) D:15          IceCv (visited)

Altars:
Ashenzari
Cheibriados
Dithmenos
Fedhas
Hepliaklqana
Kikubaaqudgha
Nemelex Xobeh
Qazlal
Sif Muna
Uskayaw
Yredelemnul
The Shining One

Shops:
D:6 [!   D:9 [   D:11 ![(   D:12 (   Orc:2 (([*=

Portals:
Trove: D:10 (show slimy rune of Zot)

Annotations:
D:10 Treasure Trove
Abyss:1 Agnes, Nergalle, Pikel


Innate Abilities, Weirdness & Mutations

You reflexively headbutt those who attack you in melee.
You have a pair of horns on your head.
You are clumsy. (Dex -2)
Your body sometimes deteriorates upon taking damage.
You are dopey. (Int -2)
Your flesh is heat resistant. (rF+)
Your magical capacity is low. (-10% MP)
You are resistant to hostile enchantments. (MR+)
You are somewhat resistant to further mutation.
You are weak. (Str -2)


Message History

The azure jelly barely misses you. x4; You block the death ooze's attack.
The death ooze hits you!
* * * LOW HITPOINT WARNING * * *
The azure jelly hits you but does no damage.
The azure jelly misses you. The azure jelly barely misses you.
The azure jelly hits you but does no damage.
You climb upwards.
There is a stone staircase leading down here.
You feel better. You block the acid blob's attack.
The azure jelly hits you but does no damage. x2
You block the azure jelly's attack. x3
The azure jelly hits you but does no damage.
The azure jelly misses you. The azure jelly barely misses you.
The azure jelly hits you but does no damage. x4
The death ooze misses you. The death ooze hits you!
* * * LOW HITPOINT WARNING * * *
The azure jelly hits you but does no damage.
The azure jelly closely misses you. The azure jelly completely misses you.
You block the azure jelly's attack. The acid blob hits you!!
You die...

...................#####,**
#.........##....####.#..,,*
................##.....,,**
.....................#,,**
.....................#****
#........#..........##**,#*
.....................#....*
...............JJJ.....^.#*
#.....#...#.....@J........*
####.###.#.....JJ........#*
### ####.#.##.#..#.#.##
#############*#


You could see an acid blob, 4 azure jellies and a death ooze.

Vanquished Creatures
  the Royal Jelly (Slime:5)
  Dissolution (Slime:3)
  Bai Suzhen (Swamp:3)
  9 acid blobs
  Kirke (Swamp:1)
  6 azure jellies
  3 ghost moths (Spider:4)
  Aizul (Spider:3)
  3 emperor scorpions (Spider:4)
  3 entropy weavers
  A dire elephant (D:15)
  2 spark wasps
  A death ooze (Slime:4)
  A blizzard demon (IceCv)
  2 great orbs of eyes
  3 boulder beetles
  24 hydras
  2 ghost crabs (Swamp:2)
  A shambling mangrove (Swamp:2)
  16 alligators
  A centaur warrior (D:10)
  A death yak (Lair:6)
  An ogre mage (Orc:2)
  A catoblepas (Lair:6)
  8 two-headed ogres
  3 tengu warriors
  2 glowing orange brains
  An unseen horror (D:14)
  A skeletal warrior (D:14)
  8 swamp dragons
  A wizard (D:13)
  2 orc knights
  2 spriggan druids
  An ugly thing (D:10)
  3 deep elf magi
  7 shining eyes
  An orc sorcerer (Orc:2)
  5 cyclopes
  4 oklob plants
  19 orb spiders
  A manticore (D:13)
  24 wolf spiders
  2 moths of wrath
  A salamander (D:15)
  2 ice statues (IceCv)
  13 elephants
  5 black mambas
  3 eyes of devastation
  14 cane toads
  5 centaur skeletons
  4 orange demons (D:13)
  2 rime drakes
  A kobold demonologist (D:14)
  A freezing wraith (D:10)
  13 ice devils (IceCv)
  8 komodo dragons
  10 demonic crawlers
  A tengu conjurer (D:12)
  30 jumping spiders
  A queen bee (Spider:3)
  13 trolls
  2 meliai (Spider:3)
  A polar bear (shapeshifter) (D:13)
  5 polar bears
  21 hornets
  9 tyrant leeches
  10 bog bodies
  4 dream sheep
  88 slime creatures
  15 spriggans
  5 shadows
  2 vampires (D:15)
  33 tarantellas
  5 wraiths
  6 hogs (Swamp:1)
  88 redbacks
  2 basilisks
  5 wyverns
  65 yaks
  3 steam dragons
  16 swamp worms
  7 vampire mosquitoes
  14 insubstantial wisps
  2 wargs (D:8)
  An acid dragon (D:14)
  2 soldier ants
  12 water moccasins
  Duvessa (D:5)
  9 swamp drakes
  15 orc warriors
  A hornet zombie (D:14)
  3 sky beasts
  2 ice beasts
  2 black bears
  3 phantoms
  18 ogres
  4 boggarts (Lair:6)
  7 eyes of draining
  34 wolves
  10 centaurs
  4 big kobolds
  10 bullfrogs
  Dowan (D:5)
  3 wyvern skeletons
  12 scorpions
  19 killer bees (Spider:3)
  14 wights
  4 electric eels
  A howler monkey (D:5)
  4 centaur zombies
  A bullfrog zombie (D:12)
  8 hounds
  3 bullfrog skeletons
  7 jellies
  11 orc priests
  21 orc wizards
  3 iguanas
  14 worker ants
  The ghost of Lanoc the Skirmisher, a weakling OgCK of Xom (D:3)
  A hound zombie (D:10)
  2 hound skeletons
  Robin (D:2)
  A worker ant zombie (D:8)
  A howler monkey skeleton (D:7)
  9 gnolls
  15 adders
  A shadow imp (D:10)
  8 white imps
  5 ufetubi
  6 oozes
  An adder skeleton (D:9)
  A worm (D:3)
  3 dart slugs
  2 leopard geckos
  77 orcs
  4 bats
  9 giant cockroaches
  9 goblins (D:2)
  10 hobgoblins
  3 jackals (D:1)
  12 kobolds
  5 quokkas
  2 ball pythons
  3 frilled lizards
  A jackal skeleton (D:9)
  A jackal zombie (D:6)
  A leopard gecko zombie (D:5)
  14 rats
  4 bushes (D:6)
  2 butterflies (Lair:2)
  2 plants
1197 creatures vanquished.

Vanquished Creatures (collateral kills)
  Mara (Spider:3)
  the Lernaean hydra (Swamp:3)
  2 acid blobs (Slime:5)
  An azure jelly (Slime:5)
  A death ooze (Slime:5)
  2 two-headed ogres (Orc:2)
  An ogre mage (Orc:2)
  2 deep trolls (Orc:2)
  5 slime creatures (Slime:4)
  2 yaks (Lair:6)
  5 ogres (Orc:2)
23 creatures vanquished.

Vanquished Creatures (others)
  A tengu warrior (D:10)
  An alligator (Swamp:3)
  An iguana (D:10)
  3 white imps (IceCv)
  6 ufetubi (IceCv)
  An orc (Orc:2)
  47 fungi
  117 plants
177 creatures vanquished.

Grand Total: 1397 creatures vanquished

Notes
Turn   | Place    | Note
-------+----------+-------------------------------------------
     0 | D:1      | Arcades the Minotaur Berserker began the quest for the Orb.
     0 | D:1      | Reached XP level 1. HP: 19/19 MP: 0/0
     1 | D:1      | Found a runed translucent door.
   780 | D:1      | Reached XP level 2. HP: 27/27 MP: 1/1
   788 | D:1      | Reached XP level 3. HP: 33/33 MP: 2/2
   907 | D:2      | Reached ** piety under Trog
   908 | D:2      | Noticed Robin
   915 | D:2      | Reached XP level 4. HP: 40/40 MP: 3/3
   919 | D:2      | Killed Robin
  1722 | D:3      | Reached XP level 5. HP: 29/47 MP: 4/4
  2166 | D:4      | Reached skill level 5 in Axes
  2179 | D:4      | Got a pitted whip
  2182 | D:4      | Identified the cursed +3 whip of Geunimm {distort, rN++
                  | Str+5} (You found it on level 4 of the Dungeon)
  2205 | D:4      | Found a staircase to the Ecumenical Temple.
  2267 | D:3      | Reached skill level 5 in Fighting
  2524 | D:3      | Found a runed translucent door.
  2605 | D:3      | You fall into a shaft and drop 3 floors!
  2631 | D:5      | Entered Level 5 of the Dungeon
  2638 | D:5      | Reached XP level 6. HP: 54/56 MP: 5/5
  2679 | D:4      | Reached skill level 5 in Armour
  2687 | D:4      | Reached *** piety under Trog
  2776 | D:3      | Found a snail-covered altar of Cheibriados.
  2776 | D:3      | Found a shimmering blue altar of Sif Muna.
  3072 | D:3      | Found a runed translucent door.
  3073 | D:3      | Noticed Lanoc's ghost (weakling OgCK)
  3082 | D:3      | Killed Lanoc's ghost
  3082 | D:3      | Reached skill level 1 in Maces & Flails
  3290 | D:4      | Reached XP level 7. HP: 62/62 MP: 6/6
  3574 | D:4      | Reached skill level 2 in Maces & Flails
  3654 | D:4      | Found a hazy altar of Hepliaklqana.
  3654 | D:4      | Found an ancient bone altar of Kikubaaqudgha.
  3659 | D:4      | Found a stormy altar of Qazlal.
  3661 | D:4      | Found a basalt altar of Yredelemnul.
  3663 | D:4      | Found a broken altar of Ashenzari.
  3763 | D:5      | Found a shadowy altar of Dithmenos.
  3784 | D:5      | Found the +4 Cigotuvi's embrace {rRot *Drain rN+}
  3871 | D:5      | Noticed Pikel
  3877 | D:5      | Banished Pikel
  3877 | D:5      | Reached skill level 4 in Maces & Flails
  3877 | D:5      | Reached skill level 5 in Dodging
  3877 | D:5      | Reached XP level 8. HP: 67/71 MP: 7/7
  3914 | D:5      | Noticed Duvessa
  3914 | D:5      | Noticed Dowan
  3927 | D:5      | Killed Duvessa
  3939 | D:5      | Killed Dowan
  3939 | D:5      | Reached skill level 5 in Maces & Flails
  4753 | D:6      | Found Fitife's Distillery.
  4757 | D:6      | Bought a potion of curing for 39 gold pieces
  5043 | D:6      | Found a blossoming altar of Fedhas.
  5052 | D:6      | Reached skill level 6 in Maces & Flails
  5241 | D:6      | Found Liosezomm's Antique Armour Boutique.
  5856 | D:7      | Reached XP level 9. HP: 70/79 MP: 8/8
  5935 | D:7      | Reached skill level 7 in Maces & Flails
  6056 | D:7      | Found a broken altar of Ashenzari.
  6417 | D:7      | Reached **** piety under Trog
  7032 | D:8      | Reached skill level 8 in Maces & Flails
  7348 | D:8      | Found a staircase to the Lair.
  7373 | D:8      | Reached skill level 9 in Maces & Flails
  7727 | Lair:1   | Entered Level 1 of the Lair of Beasts
  7774 | Lair:1   | Noticed a polar bear
  7779 | Lair:1   | Killed a polar bear
  7865 | Lair:1   | Reached XP level 10. HP: 88/90 MP: 9/9
  7896 | Lair:1   | Noticed an elephant
  7896 | Lair:1   | Noticed an elephant
  7898 | Lair:1   | Noticed an elephant
  7911 | Lair:1   | Banished an elephant
  7914 | Lair:1   | Killed an elephant
  7914 | Lair:1   | Reached skill level 10 in Maces & Flails
  7922 | Lair:1   | Killed an elephant
  8086 | Lair:1   | Noticed an eight-headed hydra
  8093 | Lair:1   | Killed an eight-headed hydra
  8471 | Lair:1   | Got a warped kite shield
  8479 | Lair:1   | Identified the +2 kite shield "Idarph" {Harm Str+3 Dex+2}
                  | (You found it on level 1 of the Lair of Beasts)
  8601 | Lair:1   | Reached skill level 11 in Maces & Flails
  8819 | Lair:1   | Reached skill level 10 in Fighting
  9507 | Lair:1   | Got a scorched battleaxe
  9537 | Lair:1   | Reached XP level 11. HP: 99/99 MP: 10/10
  9618 | Lair:1   | Identified the +6 battleaxe "Neadek" {vamp, rElec MR+} (You
                  | found it on level 1 of the Lair of Beasts)
 10088 | Lair:1   | Reached skill level 10 in Armour
 11229 | Lair:2   | Noticed a boulder beetle
 11251 | Lair:2   | Killed a boulder beetle
 11816 | Lair:3   | Found a staircase to the Swamp.
 11848 | Lair:3   | Reached skill level 10 in Dodging
 12116 | Lair:3   | Found a hole to the Spider Nest.
 12454 | Lair:3   | Reached XP level 12. HP: 110/110 MP: 11/11
 12458 | Lair:3   | Got a bloodstained morningstar
 12459 | Lair:3   | Identified the +7 morningstar of Untimely Demise {protect,
                  | rN+ Str+4 Int+4 Dex-3} (You found it on level 3 of the Lair
                  | of Beasts)
 12572 | Lair:3   | Reached skill level 5 in Shields
 13184 | Lair:3   | Noticed a six-headed hydra
 13193 | Lair:3   | Killed a six-headed hydra
 13861 | Lair:4   | Found a stormy altar of Qazlal.
 14932 | Lair:4   | Reached ***** piety under Trog
 15271 | Lair:4   | Noticed a seven-headed hydra
 15286 | Lair:4   | Noticed a six-headed hydra
 15290 | Lair:4   | Killed a seven-headed hydra
 15784 | Lair:4   | Banished a six-headed hydra
 16320 | Lair:5   | Reached XP level 13. HP: 109/119 MP: 12/12
 17216 | Lair:6   | Entered Level 6 of the Lair of Beasts
 17238 | Lair:6   | Reached skill level 10 in Shields
 17261 | Lair:6   | Found a staircase to the Slime Pits.
 19165 | Lair:6   | Reached XP level 14. HP: 114/129 MP: 13/13
 20252 | D:9      | Found a sparkling altar of Nemelex Xobeh.
 20266 | D:9      | Found Ageiv's Armour Shoppe.
 20274 | D:9      | Bought the +6 plate armour of the Komodo Dragon {Str+4
                  | SInv} for 1016 gold pieces
 20274 | D:9      | Bought a +0 cloak for 63 gold pieces
 20492 | D:9      | Found a staircase to the Orcish Mines.
 20947 | D:10     | Entered Level 10 of the Dungeon
 20992 | D:10     | Received a gift from Trog
 21409 | D:10     | Found a portal to a secret trove of treasure.
 21675 | D:10     | Identified a scroll of acquirement
 21840 | D:10     | Treasure Trove
 22260 | D:11     | Found a hide-covered altar of Uskayaw.
 22350 | D:11     | Found Maumne Duwo's Distillery.
 22505 | D:11     | You fall into a shaft and drop 2 floors!
 22879 | D:13     | You fall into a shaft and drop 1 floor!
 23348 | D:13     | Received a gift from Trog
 23819 | D:13     | Found a gate to the Vaults.
 24318 | D:11     | Found Fait Vio's Weapon Shop.
 24432 | D:11     | Noticed Nergalle
 24443 | D:11     | Banished Nergalle
 24535 | D:11     | Found Xava's Antique Armour Shop.
 24965 | D:12     | Found Tofrab's Weapon Shop.
 25194 | D:12     | Reached XP level 15. HP: 128/139 MP: 14/14
 25980 | D:14     | Received a gift from Trog
 27058 | D:15     | Entered Level 15 of the Dungeon
 27171 | D:15     | Found a snail-covered altar of Cheibriados.
 27265 | D:15     | Found a glowing golden altar of the Shining One.
 27350 | D:15     | Reached skill level 15 in Shields
 27579 | D:15     | Found a staircase to the Depths.
 27961 | Orc:1    | Entered Level 1 of the Orcish Mines
 28273 | Orc:1    | Reached skill level 15 in Fighting
 28585 | Orc:2    | Entered Level 2 of the Orcish Mines
 28585 | Orc:2    | Found a staircase to the Elven Halls.
 28622 | Orc:2    | Reached skill level 15 in Armour
 28712 | Orc:2    | Found Zuygi's Antique Weapon Boutique.
 28773 | Orc:2    | Received a gift from Trog
 29040 | Orc:2    | Found Rohomana's Assorted Antiques.
 29128 | Orc:2    | Found Ticoja's Jewellery Emporium.
 29132 | Orc:2    | Found Nucyvuc's Armour Shop.
 29145 | Orc:2    | Found Mufeax's Weapon Shoppe.
 29189 | Orc:2    | Bought a +0 pair of gloves of strength for 149 gold pieces
 29196 | Orc:2    | Bought the ring of Hely Ydy {rPois rN+ Str+3 Stlth+} for
                  | 644 gold pieces
 29250 | Orc:2    | Gained mutation: Your flesh is heat resistant. (rF+)
                  | [potion of mutation]
 29250 | Orc:2    | Gained mutation: You are somewhat resistant to further
                  | mutation. [potion of mutation]
 30018 | Elf:1    | Entered Level 1 of the Elven Halls
 30634 | Spider:1 | Entered Level 1 of the Spider Nest
 30732 | Spider:1 | Received a gift from Trog
 30765 | Spider:1 | Reached XP level 16. HP: 44/151 MP: 15/15
 31052 | Spider:1 | Reached skill level 12 in Maces & Flails
 32147 | Spider:2 | Reached skill level 15 in Dodging
 32470 | Spider:2 | Received a gift from Trog
 33789 | Spider:3 | Noticed Agnes
 34288 | Spider:3 | Reached skill level 13 in Maces & Flails
 34313 | Spider:3 | Noticed Aizul
 34340 | Spider:3 | Killed Aizul
 34833 | Spider:3 | Banished Agnes
 35312 | Spider:3 | Noticed Mara
 35339 | Spider:3 | Noticed Arcades's illusion
 35343 | Spider:3 | Killed Mara
 35495 | Spider:3 | Received a gift from Trog
 35507 | Spider:3 | Reached skill level 14 in Maces & Flails
 36074 | Spider:3 | Reached XP level 17. HP: 160/160 MP: 16/16
 36733 | Spider:4 | Entered Level 4 of the Spider Nest
 36840 | Spider:4 | Reached skill level 15 in Maces & Flails
 37912 | Spider:4 | Reached skill level 16 in Maces & Flails
 38096 | Spider:4 | Got a gossamer rune of Zot
 39911 | Swamp:1  | Entered Level 1 of the Swamp
 40004 | Swamp:1  | Reached ****** piety under Trog
 40132 | Swamp:1  | Noticed Kirke
 40687 | Swamp:1  | Killed Kirke
 41041 | Swamp:1  | Got a jacinth-encrusted ring mail
 41044 | Swamp:1  | Received a gift from Trog
 42880 | Swamp:3  | Identified the Collected Works on the Toxic Voyage
 42983 | Swamp:3  | Found a frozen archway.
 42994 | IceCv    | Entered an ice cave
 44148 | Swamp:3  | Reached skill level 17 in Maces & Flails
 44377 | Swamp:3  | Reached XP level 18. HP: 157/170 MP: 17/17
 44908 | Swamp:4  | Entered Level 4 of the Swamp
 45012 | Swamp:4  | Noticed the 27-headed Lernaean hydra
 45018 | Swamp:4  | Noticed Bai Suzhen
 45022 | Swamp:4  | Received a gift from Trog
 45041 | Swamp:3  | Killed Bai Suzhen
 45276 | Swamp:3  | Killed the 27-headed Lernaean hydra
 45724 | Swamp:4  | Got a decaying rune of Zot
 45950 | Swamp:4  | Reached skill level 18 in Maces & Flails
 46157 | Swamp:4  | Acquired the amulet "Laicvone" {Spirit rN+}
 46164 | Swamp:4  | Acquired a manual of Maces & Flails
 46193 | Swamp:4  | Acquired a manual of Fighting
 46359 | Slime:1  | Entered Level 1 of the Pits of Slime
 48377 | Slime:2  | Received a gift from Trog
 48671 | Slime:3  | Noticed Dissolution
 48679 | Slime:3  | Killed Dissolution
 48679 | Slime:3  | Reached skill level 19 in Maces & Flails
 49220 | Slime:3  | Paralysed by a great orb of eyes for 6 turns
 49667 | Slime:4  | Gained mutation: You are weak. (Str -2) [a shining eye]
 50840 | Slime:3  | Reached XP level 19. HP: 181/181 MP: 10/18
 51116 | Slime:2  | Reached skill level 20 in Maces & Flails
 51428 | Slime:2  | Received a gift from Trog
 51587 | Slime:1  | Gained mutation: You are resistant to hostile enchantments.
                  | (MR+) [a shining eye]
 51601 | Slime:1  | Gained mutation: Your body sometimes deteriorates upon
                  | taking damage. [a shining eye]
 51607 | Slime:1  | Gained mutation: You are dopey. (Int -2) [a shining eye]
 51793 | Slime:5  | Entered Level 5 of the Pits of Slime
 51822 | Slime:5  | Gained mutation: You are clumsy. (Dex -2) [a shining eye]
 51833 | Slime:5  | Gained mutation: Your magical capacity is low. (-10% MP) [a
                  | shining eye]
 52308 | Slime:5  | Noticed the Royal Jelly
 52319 | Slime:5  | Killed the Royal Jelly
 52319 | Slime:5  | Reached skill level 21 in Maces & Flails
 52740 | Slime:4  | Slain by an acid blob

Illustrated notes

###### #....# #.##.##
#.#...### ###...@...# ######
#...#...#.# #....######
########...##.##.###....##...#
#......'....'))..).'.....'...+
#.######....###.####....##...#
#.# ####....###.# #....##...#
####)# #...........#
#....###### .(.#.#
#..........># #....# ##.#.#
#...........# #....#


Turn 21840 on D:10: Treasure Trove

Levels and vault maps discovered:
D:1:      dpeg_arrival_caged_fury, layout_basic
D:2:      layout_basic, kennysheep_minor_cross, serial_bayou_lagoon_b,
          uniq_robin
D:3:      layout_loops_ring, gammafunk_temple_overflow_statue,
          ebering_ghost_sewer_f
D:4:      layout_basic, chequers_temple_overflow_minitemple,
          minmay_temple_entry_from_below_a
D:5:      layout_basic, nicolae_dithmenos_shadow_blocks, uniq_duvessa,
          uniq_pikel
D:6:      layout_cave_pools, serial_shops, kennysheep_mini_moat, shop,
          nrook_pool_corridor, fedhas_bush_and_centaur_altar
D:7:      layout_gridville, corexii_leaking_fountain, ashenzari_altar_1
D:8:      layout_gridville, erik_lair_orcish_takeover, st_stairs_4
D:9:      minmay_blocky_corners, layout_rooms, orc_0_dummy, serial_shops, shop,
          nemelex_xobeh_ov_fountains_minmay
D:10:     minmay_chambers_of_sevens, layout_basic, nicolae_trove_entry_crossroad
D:11:     layout_cave_pods, basic_altar, serial_shops, shop,
          nicolae_shop_statue_plus, kennysheep_little_box, uniq_nergalle
D:12:     layout_cave_pools, serial_shops, nicolae_shop_crystal,
          serial_column_ruins, column_ruins_hut, column_ruins_hut,
          column_ruins_columns_straight, column_ruins_grid_1,
          column_ruins_open_tiny, column_ruins_open_tiny, column_ruins_grid_2,
          column_ruins_columns_plus, drop_trap, minmay_holes
D:13:     layout_irregular_city, david_vaults_1, einodemon_barbed_minivault
D:14:     layout_basic
D:15:     hangedman_depths_entry_try_elsewhere_first, layout_rooms,
          cheibriados_altar_1, nicolae_tso_swordbearing_angel
Lair:1:   layout_cave_pods, serial_bayou_shore_a
Lair:2:   layout_roguey, st_stairs_7, serial_bayou_shore_b, lemuel_fruit_fields,
          lemuel_fruit_fields
Lair:3:   layout_hall_layers, minmay_swamp_entry_wisps,
          nicolae_spider_entry_non_spiders
Lair:4:   cheibrodos_lair_overgrown_chateau, layout_regular_city, basic_altar,
          small_statue_intersection, beast_lair_carwin_11, serial_bayou_shore_b
Lair:5:   dpeg_oklob_gauntlet, layout_cave_pods
Lair:6:   minmay_lair_end_enchanted_forest, layout_cave_pods,
          dpeg_slime_entry_corner, nicolae_lair_yak_garden
Swamp:1:  layout_basic_swamp, infiniplex_staircase_pool_2, uniq_kirke
Swamp:2:  layout_falls_marsh, evilmike_swamp_ruin_house_3,
          infiniplex_staircase_pool
Swamp:3:  layout_falls_marsh, portal_ice_cave_entry_pillars_four,
          evilmike_swamp_ruin_house_2
Swamp:4:  grunt_swamp_rune_castle, layout_basic_swamp, uniq_bai_suzhen
Spider:1: layout_spider_delve, einodemon_crawler_minivault
Spider:2: layout_spider_delve
Spider:3: layout_spider_delve, special_room [special_room_bee],
          nicolae_orb_stairs, uniq_agnes, uniq_aizul, uniq_mara
Spider:4: spider_rune_water
Slime:1:  layout_caves
Slime:2:  layout_caves
Slime:3:  layout_caves, uniq_dissolution
Slime:4:  layout_caves, nicolae_slime_phagocytosis
Slime:5
Orc:1:    cheibrodos_orc_arena, layout_diamond_mine
Orc:2:    st_orc_open, layout_diamond_mine, nicolae_volcano_entry_lava_flow,
          serial_shops, nicolae_shop_trees
Elf:1:    eino_elf_arrival_the_gate, layout_loops_corners,
          minmay_elf_annihilation, david_defended_altar_elf

Skill      XL: |  1  2  3  4  5  6  7  8  9 10 11 12 13 14 15 16 17 18 19 |
---------------+----------------------------------------------------------+-----
Fighting       | 4 5 6 7 8 10 11 12 13 14 15 16 17 18 19 | 19.6
Axes           | 4 5 7 |  7.9
Armour         | 3 4 5 6 7 8 9 11 12 13 14 15 16 17 18 | 18.8
Dodging        | 3 4 5 6 7 8 10 11 12 13 14 15 16 17 | 17.4
Maces & Flails | 1 4 6 9 11 14 17 19 21 | 21.0
Shields        | 4 9 12 14 15 | 15.0

Action                   |  1- 3 |  4- 6 |  7- 9 | 10-12 | 13-15 | 16-18 | 19-21 || total
-------------------------+-------+-------+-------+-------+-------+-------+-------++-------
Melee: Hand axe          |    42 |    58 |       |       |       |       |       ||   100
       Headbutt          |     9 |    21 |    82 |   182 |   369 |   348 |    61 ||  1072
       Whip              |       |    84 |   306 |   533 |  1190 |   332 |       ||  2445
       Morningstar       |       |       |       |       |       |   891 |   154 ||  1045
       Unarmed           |       |       |       |       |       |     8 |       ||     8
Throw: Dart              |       |     2 |    12 |    45 |    47 |    43 |    11 ||   160
Invok: Berserk           |     2 |       |     1 |     1 |     8 |     6 |       ||    18
       Trog's Hand       |       |       |     1 |     2 |     5 |     4 |       ||    12
       Brothers in Arms  |       |       |       |       |     3 |     2 |     1 ||     6
Evoke: Wand              |       |       |       |     6 |     1 |    24 |    20 ||    51
       Tin of tremorston |       |       |       |       |     2 |     3 |     2 ||     7
       Phantom mirror    |       |       |       |       |       |     2 |     1 ||     3
       Box of beasts     |       |       |       |       |       |       |     1 ||     1
  Use: Scroll            |       |     2 |       |     7 |    24 |    21 |     1 ||    55
       Potion            |       |       |       |       |    11 |    11 |     3 ||    25
 Stab: Fleeing           |       |       |       |       |     1 |       |       ||     1
       Distracted        |       |       |       |       |       |       |     1 ||     1
Armor: Animal skin       |     1 |       |       |       |       |       |       ||     1
       Scale mail        |    10 |    59 |       |       |       |       |       ||    69
       Chain mail        |       |     2 |   102 |   101 |    55 |       |       ||   260
       Skin              |       |       |       |     1 |     1 |       |       ||     2
       Plate armour      |       |       |       |       |   173 |   565 |   104 ||   842
       Crystal plate arm |       |       |       |       |       |     5 |       ||     5
Dodge: Dodged            |    21 |    81 |   112 |   141 |   428 |   758 |    82 ||  1623
Block: Kite shield       |       |       |       |   190 |   843 |  1130 |   144 ||  2307

Table legend: (Time is in decaauts)
 A = Elapsed time spent in this place.
 B = Non-inter-level travel time spent in this place.
 C = Inter-level travel time spent in this place.
 D = Time resting spent in this place.
 E = Time spent auto-exploring this place.
 F = Levels seen in this place.
 G = Mean time per level.
                   A        B        C        D        E       F      G
               +--------+--------+--------+--------+--------+-----+--------+
         Total |  52057 |  49996 |   2061 |  14786 |   9481 |  38 | 1369.9 |
       Dungeon |  15435 |  14686 |    749 |    910 |   5099 |  15 | 1029.0 |
          Lair |  15388 |  14550 |    838 |   5677 |   1226 |   6 | 2564.7 |
         Swamp |   5569 |   5369 |    200 |   1458 |   1401 |   4 | 1392.2 |
   Spider Nest |   7459 |   7327 |    132 |   3002 |   1025 |   4 | 1864.8 |
    Slime Pits |   4627 |   4626 |      1 |   2895 |      0 |   5 |  925.4 |
  Orcish Mines |   2476 |   2338 |    138 |    231 |    729 |   2 | 1238.0 |
   Elven Halls |     20 |     20 |      0 |      0 |      0 |   1 |   20.0 |
      Ice Cave |   1079 |   1079 |      0 |    612 |      0 |   1 | 1079.0 |
               +--------+--------+--------+--------+--------+-----+--------+

Top non-repeatable levels by time:
  Lair:6: 3932 daAuts
  Lair:1: 3031 daAuts
  Lair:5: 2852 daAuts
Spider:2: 2645 daAuts
 Slime:4: 2272 daAuts
  Lair:4: 2217 daAuts
  Lair:3: 2213 daAuts
 Swamp:2: 1818 daAuts
Spider:3: 1685 daAuts
   Orc:2: 1656 daAuts
Spider:1: 1617 daAuts
 Swamp:3: 1571 daAuts
    D:13: 1562 daAuts
Spider:4: 1511 daAuts
 Swamp:1: 1279 daAuts
